Map: Disco Bloodbath LE

Players

Epic - Winner!

  • Race: Terran Terran
  • Spawn Location: 9:00

BackupN

  • Race: Protoss Protoss
  • Spawn Location: 3:00

VOD

Have the link to the VOD?

Description

Time

  • Played on: Sept. 6, 2019, 12:32 p.m.
  • Length: 9:38
Show
View Real Time Build Order
Export as new Build Order

Epic Terran - Winner!

Build Orders: Reaper Expand 

Get SALT Encoding   

  12  0:00  SCV  
  13  0:12  SCV  
  14  0:17  Supply Depot  
  14  0:25  SCV  
  15  0:38  SCV  
  15  0:40  Barracks  
  16  0:43  Refinery  
  16  0:50  SCV  
  17  1:03  SCV  
  18  1:15  SCV  
  19  1:27  Orbital Command, Reaper  
  20  1:42  Command Center  
  20  1:54  SCV  
  21  1:56  Supply Depot  
  21  1:58  Marine  
  22  2:09  Factory  
  22  2:11  SCV  
  23  2:18  Bunker  
  23  2:24  Barracks Reactor  
  23  2:25  SCV  
  24  2:34  Refinery  
  24  2:37  SCV  
  25  2:49  SCV  
  26  2:53  Widow Mine  
  26  2:57  Orbital Command  
  28  3:04  Marine x2  
  30  3:07  Starport, SCV  
  31  3:14  Factory Tech Lab  
  31  3:18  Orbital Command  
  31  3:20  SCV  
  31  3:24  Marine x2  
  34  3:34  SCV  
  34  3:35  Siege Tank  
  34  3:40  Supply Depot  
  37  3:43  Marine x2  
  41  3:54  Starport Tech Lab, SCV  
  41  3:55  SCV  
  41  4:03  Supply Depot  
  41  4:05  Marine x2  
  41  4:08  Siege Tank  
  44  4:31  Banshee  
  44  4:37  Marine  
  44  4:38  Marine  
  49  4:40  Orbital Command  
  49  4:45  Siege Tank  
  49  4:50  Supply Depot  
  52  4:56  Marine x2  
  54  5:03  Supply Depot  
  54  5:14  Marine x2  
  54  5:18  Siege Tank  
  59  5:24  Barracks  
  59  5:32  Engineering Bay  
  59  5:35  Engineering Bay  
  61  5:39  Marine x2  
  60  5:45  Raven  
  62  5:50  SCV  
  62  5:54  Barracks  
  63  5:59  SCV  
  63  6:03  Marine x2, SCV  
  67  6:09  Siege Tank  
  70  6:13  Barracks Tech Lab  
  70  6:16  SCV  
  71  6:21  Marine x2  
  73  6:31  SCV  
  74  6:37  Orbital Command  
  74  6:43  Combat Shield  
  74  6:44  Marauder  
  76  6:48  Marine x2  
  78  6:59  SCV  
  79  7:02  SCV  
  84  7:08  Marauder x2, Marine x2  
  86  7:16  Supply Depot, Starport Reactor  
  86  7:17  Supply Depot  
  86  7:21  Supply Depot, Stimpack  
  86  7:31  Supply Depot  
  86  7:34  Bunker  
  86  7:38  SCV x2  
  86  7:39  Supply Depot x2  
  88  7:44  Terran Infantry Weapons Level 1  
  88  7:46  Marine x2  
  88  7:50  SCV x2  
  92  7:56  Refinery  
  92  7:57  Refinery  
  92  8:01  Medivac  
  92  8:02  SCV x2  
  96  8:08  Medivac  
  96  8:10  Marine  
  96  8:11  Marine  
  100  8:15  Marauder  
  100  8:17  Marauder  
  104  8:22  SCV x2  
  106  8:28  Marine x2  
  106  8:30  Concussive Shells  
  108  8:36  SCV  
  108  8:37  Marauder  
  108  8:38  Marauder  
  104  8:42  SCV  
  104  8:44  Medivac  
  104  8:47  Medivac  
  110  8:48  SCV  
  110  8:55  SCV  
  111  9:00  Marauder, SCV, Marine  
  111  9:01  Marauder, Marine, Missile Turret  
  118  9:09  SCV  
  98  9:25  SCV x2  
Show
View Real Time Build Order
Export as new Build Order

BackupN Protoss 

Build Orders:  

Get SALT Encoding   

  12  0:00  Probe  
  13  0:12  Probe  
  14  0:17  Pylon  
  14  0:24  Probe  
  15  0:33  Probe  
  15  0:38  Gateway  
  15  0:41  Probe  
  16  0:48  Assimilator  
  17  0:51  Probe  
  18  0:58  Assimilator  
  18  1:03  Probe  
  19  1:13  Pylon  
  19  1:15  Probe  
  20  1:28  Cybernetics Core  
  20  1:29  Probe  
  21  1:41  Probe  
  22  1:53  Probe  
  23  1:57  Adept  
  23  2:04  Robotics Facility  
  23  2:06  Robotics Facility  
  25  2:13  Warp Gate  
  25  2:18  Pylon  
  25  2:27  Stalker  
  27  2:44  Immortal  
  30  3:02  Immortal  
  34  3:10  Pylon  
  34  3:15  Warp Prism  
  36  3:44  Immortal  
  40  3:58  Pylon  
  40  4:01  Stalker  
  40  4:02  Observer  
  41  4:13  Immortal  
  43  4:39  Robotics Bay  
  43  4:43  Stalker  
  45  5:04  Gateway  
  45  5:05  Gateway  
  45  5:06  Observer  
  46  5:09  Shield Battery  
  46  5:21  Stalker  
  48  5:51  Disruptor  
  48  5:56  Nexus  
  48  6:01  Disruptor  
  54  6:12  Observer  
  54  6:15  Pylon  
  54  6:22  Probe  
  55  6:40  Disruptor  
  55  6:50  Disruptor  
  61  6:55  Probe  
  62  7:08  Probe  
  62  7:20  Probe, Stalker x3  
  69  7:24  Pylon, Probe  
  70  7:35  Observer  
  70  7:44  Stalker  
  70  7:47  Probe x2  
  70  7:51  Shield Battery  
  74  7:57  Observer  
  74  7:59  Probe  
  74  8:04  Probe  
  77  8:11  Probe  
  78  8:14  Stalker x2  
  78  8:16  Probe  
  78  8:17  Assimilator  
  83  8:21  Assimilator  
  83  8:23  Probe  
  84  8:28  Probe  
  85  8:47  Probe  
  86  8:53  Pylon  
  86  8:54  Forge, Pylon  
  86  8:56  Pylon  
  86  8:58  Twilight Council  
  86  9:09  Probe  
  83  9:12  Observer  
  75  9:22  Stalker  
  75  9:23  Stalker x2  
Tags
 
Add a new tag
Caveats
  • Supply blocks, unpowered buildings, or Contaminate may cause inaccurate times.
  • Supply counts are checked every 10 seconds.